 Dungeon Sprint DCSS version 0.17-a0-1691-g18a3847 (webtiles) character file.

68043 Kidiri the Imperceptible (level 13, -3/82 HPs)
             Began as a Spriggan Enchanter on Aug 20, 2015.
             Was the Champion of Dithmenos.
             Slain by a spriggan defender
             ... wielding a cursed +0 dagger
              (4 damage)
             ... in the Dungeon (Sprint III: "The Ten Rune Challenge").
             The game lasted 00:24:10 (5857 turns).

Kidiri the Imperceptible (Spriggan Enchanter)       Turns: 5857, Time: 00:24:11

Health: -3/82      AC: 16    Str: 14    XL:     13   Next: 72%
Magic:  2/36       EV: 20    Int: 19    God:    Dithmenos [******]
Gold:   4098       SH:  0    Dex: 19    Spells: 10 memorised, 10 levels left

rFire  + + .     SeeInvis +     (weapon currently unavailable)
rCold  x . .     Clarity  +     (armour currently unavailable)
rNeg   . . .     SustAt   .     (shield currently unavailable)
rPois  +         Gourm    .     (helmet currently unavailable)
rElec  .         Spirit   .     (cloak currently unavailable)
rCorr  .         Warding  .     (gloves unavailable)
rMut   .         NoTele   +     (boots unavailable)
MR     ++...                    (no amulet)
Stlth  ++........               (no ring)
                                (no ring)

@: dragon-form, flying, contaminated, glowing, very resistant to hostile
enchantments, unstealthy
A: unfitting armour, see invisible, clarity, herbivore 3, (speed 0), mutation
resistance 1, (electricity resistance), slow metabolism 2
a: End Transformation, Shadow Step, Shadow Form, Renounce Religion, Breathe Fire
}: 2/10 runes: decaying, serpentine


You were in the Dungeon.
You worshipped Dithmenos.
Dithmenos was exalted by your worship.
You were not hungry.
You were a fearsome dragon!
You visited 1 branch You collected 4098 gold pieces.

Inventory:

Hand weapons
 a - a +2 dagger (melded)
Missiles
 m - 9 throwing nets (quivered)
Armour
 q - a +2 hat of spirit shield (melded)
 t - a +2 robe of fire resistance (melded)
Scrolls
 l - 3 scrolls of holy word
 n - 3 scrolls of remove curse
Potions
 c - 4 potions of degeneration {unknown}
 g - a potion of haste
 i - a potion of berserk rage
 p - 4 potions of flight
 s - 2 potions of cure mutation
Comestibles
 d - 2 bread rations
 o - 28 royal jellies
 r - 10 fruits


   Skills:
 + Level 12.6 Short Blades
 * Level 21.0 Dodging
 * Level 22.2 Stealth
 + Level 0.0 Unarmed Combat
 * Level 18.1 Spellcasting
 + Level 8.6 Conjurations
 + Level 13.8 Hexes
 + Level 13.1 Transmutations
 + Level 9.6 Ice Magic
 + Level 9.6 Earth Magic
 - Level 2.8 Invocations


You had 10 spell levels left.
You knew the following spells:

 Your Spells              Type           Power        Failure   Level  Hunger
a - Corona                Hex            ######.      0%          1    None
b - Ensorcelled Hibernat  Hex/Ice        ######       1%          2    None
c - Confuse               Hex            ######..     1%          3    None
d - Tukima's Dance        Hex            ######..     1%          3    None
e - Dazzling Spray        Conj/Hex       ######..     1%          3    None
f - Stoneskin             Trmt/Erth      ######..     1%          2    None
g - Irradiate             Conj/Trmt      ######....   1%          5    ##.....
h - Hydra Form            Trmt           ######....   2%          6    #####..
i - Statue Form           Trmt/Erth      ######...    6%          6    #####..
j - Dragon Form           Trmt           ######....   14%         7    ######.


Dungeon Overview and Level Annotations

Branches:
Dungeon (1/1)

Altars:
Cheibriados
Dithmenos
Elyvilon
Fedhas
Gozag
Kikubaaqudgha
Makhleb
Nemelex Xobeh
Okawaru
Qazlal
Ru
Sif Muna
Trog
Vehumet
Xom
Yredelemnul
Zin
The Shining One
Jiyva
Lugonu

Shops:
D [?=(=%!

Annotations:
D exclusion: obsidian statue


Innate Abilities, Weirdness & Mutations

You are tiny and cannot use many weapons and most armour.
You have supernaturally acute eyesight.
You are a herbivore.
((You cover ground extremely quickly.))
You need consume almost no food.
You possess an exceptional clarity of mind.
You are somewhat resistant to further mutation.
((You are resistant to electric shocks.))


Message History

Your Dodging skill increases to level 21!
The plant is blasted with magical radiation!
The plant is severely damaged.
The plant twists and deforms.
The plant is blasted with magical radiation!
The plant is severely damaged.
The plant twists and deforms.
The plant is blasted with magical radiation!
The plant is heavily damaged.
The plant twists and deforms.
You are contaminated with residual magic.
You hear a shout!
The spriggan defender completely misses you.
You completely miss the spriggan defender.
Your bite misses the spriggan defender.
The spriggan defender is severely wounded.
The spriggan defender hits you with a dagger.
* * * LOW HITPOINT WARNING * * *
The spriggan defender hits you with a dagger.
You die...

♣♣♣♣♣♣♣♣♣♣♣PP#.......#########
♣♣♣##'######## ♣♣♣♣♣♣♣♣♣♣♣
#...'.≈≈≈≈# ##≈≈≈≈≈≈..#
#..)#.§≈§≈# .#≈≈≈≈≈...#
#)..#.#≈§≈#
##+≈≈≈≈§####+#####.# §§≈#
..#≈≈..§§§.§§#.PPP.# §
.)#≈..+#######§§PPP#
###...#....))#§iDPP#
....:.#♣♣♣._)#§§§§P#
+#############§#####
...........###.....+
............##§#########
##########..##i#%PP.....
#..%..%..%..##i#PP.i...#
..%......%.###§#Pi§..# #
..########## #i#§§§# #8#


You could see a spriggan defender.

Vanquished Creatures
  Xtahua (D)
  Rupert (D)
  Gastronok (D)
  Dowan (D)
  A greater naga (D)
  Maud (D)
  2 dire elephants (D)
  4 fire dragons (D)
  Erolcha (D)
  A naga warrior (D)
  2 anacondas (D)
  4 death yaks (D)
  3 hydras (D)
  A small abomination (D)
  An orc high priest (D)
  A deep elf knight (D)
  A death drake (D)
  A deep elf summoner (D)
  A lindwurm (D)
  A spriggan druid (D)
  A deep elf conjurer (D)
  An orc sorcerer (D)
  2 elephants (D)
  2 spiny frogs (D)
  Duvessa (D)
  A guardian serpent (D)
  6 black mambas (D)
  A komodo dragon (D)
  3 spriggan defenders (D)
  3 deep elf priests (D)
  A fire drake (D)
  3 wandering mushrooms (D)
  A queen bee (D)
  2 trapdoor spiders (D)
  8 blink frogs (D)
  4 redbacks (D)
  A shadow (D)
  2 spriggans (D)
  A spatial vortex (D)
  2 hill giants (D)
  2 nagas (D)
  A swamp drake (D)
  10 water moccasins (D)
  An orc warrior (D)
  A necrophage (D)
  2 brain worms (D)
  3 two-headed ogres (D)
  A water elemental (D)
  32 killer bees (D)
  An electric eel (D)
  5 orc priests (D)
  A jelly (D)
  Jessica (D)
  A necromancer (D)
  A wizard (D)
  A kobold demonologist (D)
  3 humans (D)
  4 adders (D)
  An ooze (D)
  A phantom (D)
  14 orcs (D)
  2 rats (D)
  A crawling corpse (D)
166 creatures vanquished.

Vanquished Creatures (others)
  2 draconian scorchers (D)
  A yaktaur (D)
  2 fire drakes (D)
  5 plants (D)
10 creatures vanquished.

Grand Total: 176 creatures vanquished

Notes
Turn   | Place    | Note
--------------------------------------------------------------
     0 | D        | Kidiri the Spriggan Enchanter began the quest for the Orb.
     0 | D        | Reached XP level 1. HP: 9/9 MP: 5/5
    91 | D        | Killed a fire drake
   144 | D        | Killed a white draconian scorcher
   157 | D        | Killed a white draconian scorcher
   199 | D        | Killed a yaktaur
   390 | D        | Reached skill level 5 in Stealth
   618 | D        | Noticed Jessica
   631 | D        | Killed Jessica
   631 | D        | Reached skill level 5 in Dodging
   631 | D        | Reached skill level 6 in Stealth
   631 | D        | Reached XP level 2. HP: 13/13 MP: 5/8
   631 | D        | Reached XP level 3. HP: 16/16 MP: 5/9
   647 | D        | Learned a level 2 spell: Ensorcelled Hibernation
   651 | D        | Learned a level 3 spell: Confuse
   655 | D        | Learned a level 3 spell: Tukima's Dance
   689 | D        | Reached skill level 7 in Stealth
   696 | D        | Killed a fire drake
   985 | D        | Reached skill level 5 in Spellcasting
  1017 | D        | Learned a level 3 spell: Dazzling Spray
  1113 | D        | Gained mutation: You are somewhat resistant to further mutation. [potion of beneficial mutation]
  1114 | D        | Gained mutation: You possess an exceptional clarity of mind. [potion of mutation]
  1115 | D        | Gained mutation: You are resistant to electric shocks. [potion of mutation]
  1285 | D        | Noticed a water elemental
  1287 | D        | Killed a water elemental
  1287 | D        | Reached skill level 8 in Stealth
  1287 | D        | Reached skill level 1 in Conjurations
  1287 | D        | Reached skill level 5 in Hexes
  1287 | D        | Reached skill level 1 in Ice Magic
  1287 | D        | Reached XP level 4. HP: 21/21 MP: 11/13
  1306 | D        | Noticed a jelly
  1307 | D        | Noticed a shadow
  1309 | D        | Killed a shadow
  1309 | D        | Reached skill level 10 in Stealth
  1309 | D        | Reached XP level 5. HP: 24/24 MP: 13/15
  1309 | D        | Reached XP level 6. HP: 28/28 MP: 14/17
  1312 | D        | Killed a jelly
  1346 | D        | Found a stormy altar of Qazlal.
  1347 | D        | Found a sacrificial altar of Ru.
  1347 | D        | Found a burning altar of Makhleb.
  1347 | D        | Found a viscous altar of Jiyva.
  1347 | D        | Found a shimmering altar of Xom.
  1347 | D        | Found a shadowy altar of Dithmenos.
  1347 | D        | Found a sparkling altar of Nemelex Xobeh.
  1347 | D        | Found a corrupted altar of Lugonu.
  1347 | D        | Found an opulent altar of Gozag.
  1347 | D        | Noticed a spatial vortex
  1352 | D        | Became a worshipper of Dithmenos the Shadowed
  1375 | D        | Killed a spatial vortex
  1375 | D        | Reached skill level 5 in Short Blades
  1375 | D        | Reached skill level 1 in Invocations
  1486 | D        | Found a radiant altar of Vehumet.
  1487 | D        | Found a deep blue altar of Sif Muna.
  1487 | D        | Found an ancient bone altar of Kikubaaqudgha.
  1487 | D        | Noticed a wizard
  1488 | D        | Killed a wizard
  1488 | D        | Reached skill level 11 in Stealth
  1510 | D        | Learned a level 2 spell: Stoneskin
  1516 | D        | Learned a level 5 spell: Irradiate
  1516 | D        | Found a glowing silver altar of Zin.
  1517 | D        | Found a glowing golden altar of the Shining One.
  1517 | D        | Found a white marble altar of Elyvilon.
  1517 | D        | Noticed a deep elf priest
  1520 | D        | Killed a deep elf priest
  1520 | D        | Reached skill level 10 in Dodging
  1520 | D        | Reached skill level 1 in Earth Magic
  1520 | D        | Reached XP level 7. HP: 32/32 MP: 18/20
  1536 | D        | Found an iron altar of Okawaru.
  1537 | D        | Found a bloodstained altar of Trog.
  1537 | D        | Noticed a human
  1537 | D        | Noticed a human
  1552 | D        | Killed a human
  1552 | D        | Reached skill level 12 in Stealth
  1555 | D        | Killed a human
  1698 | D        | Learned a level 6 spell: Hydra Form
  1708 | D        | Found a snail-covered altar of Cheibriados.
  1708 | D        | Noticed a necrophage
  1709 | D        | Found a basalt altar of Yredelemnul.
  1709 | D        | Found a blossoming altar of Fedhas.
  1709 | D        | Noticed a necromancer
  1712 | D        | Killed a necromancer
  1712 | D        | Acquired Dithmenos's first power
  1715 | D        | Killed a necrophage
  1715 | D        | Reached XP level 8. HP: 14/36 MP: 6/22
  1908 | D        | Noticed a two-headed ogre
  1908 | D        | Noticed a two-headed ogre
  1912 | D        | Killed a two-headed ogre
  1914 | D        | Killed a two-headed ogre
  1914 | D        | Acquired Dithmenos's second power
  1917 | D        | Noticed a two-headed ogre
  1918 | D        | Killed a two-headed ogre
  1918 | D        | Reached skill level 10 in Spellcasting
  1923 | D        | Noticed a hill giant
  1926 | D        | Killed a hill giant
  1926 | D        | Reached skill level 13 in Stealth
  1932 | D        | Noticed a hill giant
  1932 | D        | Noticed Erolcha
  1934 | D        | Killed Erolcha
  1934 | D        | Reached skill level 5 in Transmutations
  1934 | D        | Reached XP level 9. HP: 39/39 MP: 24/24
  1935 | D        | Killed a hill giant
  1935 | D        | Acquired Dithmenos's third power
  2015 | D        | Noticed a redback
  2017 | D        | Killed a redback
  2017 | D        | Reached skill level 14 in Stealth
  2025 | D        | Noticed a trapdoor spider
  2027 | D        | Killed a trapdoor spider
  2027 | D        | Reached skill level 5 in Ice Magic
  2211 | D        | Noticed a trapdoor spider
  2219 | D        | Killed a trapdoor spider
  2302 | D        | Noticed a killer bee
  2302 | D        | Noticed a killer bee
  2302 | D        | Noticed a killer bee
  2302 | D        | Noticed a killer bee
  2302 | D        | Noticed a killer bee
  2302 | D        | Noticed a killer bee
  2302 | D        | Noticed a killer bee
  2302 | D        | Noticed a killer bee
  2302 | D        | Noticed a killer bee
  2302 | D        | Noticed a killer bee
  2302 | D        | Noticed a killer bee
  2302 | D        | Noticed a killer bee
  2302 | D        | Noticed a killer bee
  2302 | D        | Noticed a killer bee
  2302 | D        | Noticed a killer bee
  2303 | D        | Noticed a killer bee
  2303 | D        | Noticed a killer bee
  2303 | D        | Noticed a queen bee
  2303 | D        | Noticed a killer bee
  2303 | D        | Noticed a killer bee
  2303 | D        | Noticed a killer bee
  2303 | D        | Noticed a killer bee
  2303 | D        | Noticed a killer bee
  2303 | D        | Noticed a killer bee
  2303 | D        | Noticed a killer bee
  2303 | D        | Noticed a killer bee
  2303 | D        | Noticed a killer bee
  2303 | D        | Noticed a killer bee
  2303 | D        | Noticed a killer bee
  2303 | D        | Noticed a killer bee
  2303 | D        | Noticed a killer bee
  2303 | D        | Noticed a killer bee
  2303 | D        | Noticed a killer bee
  2307 | D        | Killed a killer bee
  2309 | D        | Killed a killer bee
  2309 | D        | Acquired Dithmenos's fourth power
  2311 | D        | Killed a killer bee
  2313 | D        | Killed a killer bee
  2316 | D        | Killed a killer bee
  2320 | D        | Killed a killer bee
  2324 | D        | Killed a killer bee
  2469 | D        | Learned a level 6 spell: Statue Form
  2479 | D        | Killed a killer bee
  2481 | D        | Killed a killer bee
  2483 | D        | Killed a killer bee
  2485 | D        | Killed a killer bee
  2489 | D        | Killed a killer bee
  2491 | D        | Killed a killer bee
  2493 | D        | Killed a killer bee
  2495 | D        | Killed a killer bee
  2497 | D        | Killed a killer bee
  2499 | D        | Killed a killer bee
  2501 | D        | Killed a killer bee
  2640 | D        | Killed a killer bee
  2640 | D        | Reached skill level 15 in Stealth
  2646 | D        | Killed a killer bee
  2649 | D        | Killed a killer bee
  2651 | D        | Killed a killer bee
  2653 | D        | Killed a killer bee
  2656 | D        | Killed a killer bee
  2658 | D        | Killed a killer bee
  2660 | D        | Killed a killer bee
  2662 | D        | Killed a killer bee
  2880 | D        | Killed a killer bee
  2880 | D        | Reached XP level 10. HP: 44/44 MP: 22/27
  2883 | D        | Killed a killer bee
  2890 | D        | Killed a killer bee
  2892 | D        | Killed a killer bee
  2894 | D        | Killed a queen bee
  2899 | D        | Killed a killer bee
  3112 | D        | Noticed a wandering mushroom
  3113 | D        | Noticed a wandering mushroom
  3113 | D        | Noticed a wandering mushroom
  3116 | D        | Killed a wandering mushroom
  3116 | D        | Reached skill level 5 in Conjurations
  3118 | D        | Killed a wandering mushroom
  3194 | D        | Killed a wandering mushroom
  3211 | D        | Noticed a spiny frog
  3211 | D        | Noticed a komodo dragon
  3211 | D        | Noticed a spiny frog
  3214 | D        | Killed a spiny frog
  3214 | D        | Reached skill level 5 in Earth Magic
  3216 | D        | Killed a komodo dragon
  3219 | D        | Killed a spiny frog
  3219 | D        | Reached skill level 15 in Dodging
  3219 | D        | Reached skill level 16 in Stealth
  3254 | D        | Noticed a redback
  3256 | D        | Killed a redback
  3257 | D        | Noticed a brain worm
  3261 | D        | Killed a brain worm
  3267 | D        | Noticed a brain worm
  3269 | D        | Killed a brain worm
  3275 | D        | Noticed a lindwurm
  3277 | D        | Noticed a redback
  3278 | D        | Killed a lindwurm
  3278 | D        | Reached skill level 10 in Hexes
  3280 | D        | Killed a redback
  3286 | D        | Noticed a redback
  3287 | D        | Killed a redback
  3288 | D        | Noticed Maud
  3290 | D        | Killed Maud
  3290 | D        | Reached XP level 11. HP: 47/47 MP: 29/29
  3352 | D        | Noticed an electric eel
  3353 | D        | Noticed a six-headed hydra
  3353 | D        | Noticed a five-headed hydra
  3354 | D        | Killed an electric eel
  3356 | D        | Killed a six-headed hydra
  3356 | D        | Reached skill level 17 in Stealth
  3358 | D        | Killed a five-headed hydra
  3446 | D        | Noticed a death drake
  3449 | D        | Killed a death drake
  3459 | D        | Found a blossoming altar of Fedhas.
  3459 | D        | Noticed a spriggan
  3459 | D        | Noticed a spriggan druid
  3459 | D        | Noticed a spriggan
  3462 | D        | Killed a spriggan druid
  3463 | D        | Killed a spriggan
  3464 | D        | Killed a spriggan
  3497 | D        | Learned a level 7 spell: Dragon Form
  3502 | D        | Noticed an anaconda
  3503 | D        | Noticed a water moccasin
  3503 | D        | Noticed a black mamba
  3504 | D        | Noticed a water moccasin
  3504 | D        | Noticed a water moccasin
  3505 | D        | Killed an anaconda
  3509 | D        | Noticed a water moccasin
  3509 | D        | Killed a black mamba
  3511 | D        | Killed a water moccasin
  3511 | D        | Reached skill level 18 in Stealth
  3524 | D        | Killed a water moccasin
  3526 | D        | Killed a water moccasin
  3533 | D        | Killed a water moccasin
  3735 | D        | Noticed a black mamba
  3735 | D        | Noticed a black mamba
  3735 | D        | Noticed a water moccasin
  3735 | D        | Noticed a water moccasin
  3736 | D        | Killed a water moccasin
  3738 | D        | Killed a black mamba
  3744 | D        | Killed a black mamba
  3745 | D        | Killed a water moccasin
  3745 | D        | Reached skill level 10 in Short Blades
  3789 | D        | Noticed an anaconda
  3789 | D        | Noticed a water moccasin
  3789 | D        | Noticed a water moccasin
  3789 | D        | Noticed a black mamba
  3789 | D        | Noticed a water moccasin
  3793 | D        | Killed an anaconda
  3795 | D        | Killed a black mamba
  3795 | D        | Reached skill level 10 in Transmutations
  3798 | D        | Killed a water moccasin
  3823 | D        | Noticed a water moccasin
  3825 | D        | Killed a water moccasin
  3831 | D        | Killed a water moccasin
  3835 | D        | Killed a water moccasin
  3906 | D        | Noticed a naga
  3906 | D        | Noticed a naga
  3907 | D        | Noticed a naga warrior
  3907 | D        | Noticed a greater naga
  3907 | D        | Found Ruoj's Antique Weapon Shop.
  3907 | D        | Found Orhiy's Jewellery Shoppe.
  3908 | D        | Killed a naga
  3909 | D        | Killed a naga
  3910 | D        | Found Emiu's Food Boutique.
  3911 | D        | Killed a naga warrior
  3911 | D        | Reached skill level 15 in Spellcasting
  3912 | D        | Killed a greater naga
  3912 | D        | Reached XP level 12. HP: 51/51 MP: 26/32
  3924 | D        | Noticed a guardian serpent
  3926 | D        | Killed a guardian serpent
  3926 | D        | Reached skill level 19 in Stealth
  3928 | D        | Got a serpentine rune of Zot
  4014 | D        | Noticed a swamp drake
  4014 | D        | Noticed a fire drake
  4015 | D        | Killed a fire drake
  4017 | D        | Killed a swamp drake
  4032 | D        | Noticed a blink frog
  4032 | D        | Noticed a blink frog
  4033 | D        | Noticed a blink frog
  4033 | D        | Noticed a blink frog
  4033 | D        | Noticed a blink frog
  4035 | D        | Killed a blink frog
  4039 | D        | Killed a blink frog
  4042 | D        | Killed a blink frog
  4045 | D        | Killed a blink frog
  4064 | D        | Killed a blink frog
  4123 | D        | Noticed Rupert
  4125 | D        | Killed Rupert
  4144 | D        | Noticed a death yak
  4145 | D        | Noticed a death yak
  4145 | D        | Noticed a blink frog
  4146 | D        | Noticed an azure jelly
  4146 | D        | Noticed a death yak
  4146 | D        | Noticed an azure jelly
  4146 | D        | Noticed a blink frog
  4146 | D        | Noticed a death yak
  4147 | D        | Killed a death yak
  4148 | D        | Killed a blink frog
  4149 | D        | Killed a death yak
  4150 | D        | Noticed a blink frog
  4150 | D        | Noticed a black mamba
  4151 | D        | Killed a death yak
  4153 | D        | Killed a blink frog
  4153 | D        | Reached skill level 20 in Stealth
  4154 | D        | Noticed a black mamba
  4155 | D        | Killed a blink frog
  4156 | D        | Killed a death yak
  4161 | D        | Killed a black mamba
  4162 | D        | Killed a black mamba
  4206 | D        | Noticed a fire dragon
  4212 | D        | Noticed a fire dragon
  4218 | D        | Killed a fire dragon
  4229 | D        | Killed a fire dragon
  4239 | D        | Noticed a fire dragon
  4354 | D        | Found Zuocwul's Antique Armour Shoppe.
  4354 | D        | Found Ynuom's Magic Scroll Boutique.
  4359 | D        | Found Jennuoko's Jewellery Emporium.
  4387 | D        | Killed a fire dragon
  4394 | D        | Noticed a fire dragon
  4397 | D        | Killed a fire dragon
  4397 | D        | Reached XP level 13. HP: 33/55 MP: 28/34
  4520 | D        | Noticed a seven-headed hydra
  4520 | D        | Noticed Xtahua
  4522 | D        | Killed Xtahua
  4522 | D        | Reached skill level 21 in Stealth
  4525 | D        | Killed a seven-headed hydra
  4532 | D        | Got a decaying rune of Zot
  4688 | D        | Noticed an azure jelly
  4688 | D        | Noticed an azure jelly
  4689 | D        | Noticed an elephant
  4689 | D        | Noticed an elephant
  4689 | D        | Noticed a dire elephant
  4689 | D        | Noticed a dire elephant
  4689 | D        | Noticed Gastronok
  4691 | D        | Killed Gastronok
  4692 | D        | Killed a dire elephant
  4694 | D        | Killed a dire elephant
  4698 | D        | Killed an elephant
  4700 | D        | Killed an elephant
  4945 | D        | Noticed Dowan
  4945 | D        | Noticed Duvessa
  4973 | D        | Noticed an orc high priest
  4973 | D        | Noticed an orc priest
  4973 | D        | Noticed an orc warrior
  4973 | D        | Noticed an orc sorcerer
  4973 | D        | Found Mupn's Distillery.
  4976 | D        | Killed an orc priest
  4978 | D        | Killed an orc high priest
  4988 | D        | Killed an orc sorcerer
  5032 | D        | Killed an orc warrior
  5205 | D        | Noticed a deep elf summoner
  5205 | D        | Noticed a deep elf knight
  5205 | D        | Noticed a deep elf conjurer
  5205 | D        | Noticed a deep elf priest
  5205 | D        | Noticed a deep elf priest
  5215 | D        | Killed a deep elf knight
  5220 | D        | Killed a deep elf summoner
  5224 | D        | Killed a deep elf conjurer
  5226 | D        | Killed a deep elf priest
  5255 | D        | Killed a deep elf priest
  5265 | D        | Reached skill level 22 in Stealth
  5383 | D        | Noticed a deep elf conjurer
  5634 | D        | Killed Dowan
  5649 | D        | Killed Duvessa
  5758 | D        | Noticed an orc priest
  5758 | D        | Noticed an orc priest
  5759 | D        | Noticed an orc priest
  5759 | D        | Noticed an orc priest
  5760 | D        | Killed an orc priest
  5761 | D        | Killed an orc priest
  5762 | D        | Killed an orc priest
  5762 | D        | Killed an orc priest
  5806 | D        | Noticed an obsidian statue
  5810 | D        | Noticed a spriggan defender
  5811 | D        | Noticed a spriggan defender
  5811 | D        | Noticed a spriggan defender
  5811 | D        | Noticed a spriggan defender
  5835 | D        | Killed a spriggan defender
  5835 | D        | Killed a spriggan defender
  5849 | D        | HP: 4/82 [spriggan defender/enchanted dagger (2)]
  5856 | D        | Killed a spriggan defender
  5857 | D        | HP: 1/82 [spriggan defender/dagger (5)]
  5857 | D        | Slain by a spriggan defender

Vault maps used:
D:        dungeon_sprint_mu

Action                   |  1- 3 |  4- 6 |  7- 9 | 10-12 | 13-15 || total
-------------------------+-------+-------+-------+-------+-------++-------
Melee: Dagger            |    55 |    20 |    51 |   105 |    97 ||   328
       Unarmed           |       |       |       |       |     7 ||     7
 Cast: Corona            |     2 |       |       |       |       ||     2
       Confuse           |     7 |       |     2 |     8 |     3 ||    20
       Ensorcelled Hiber |     1 |     1 |    41 |    31 |     8 ||    82
       Dazzling Spray    |       |     5 |     6 |     8 |    18 ||    37
       Stoneskin         |       |       |     2 |       |     1 ||     3
       Irradiate         |       |       |       |       |     3 ||     3
       Tukima's Dance    |       |       |       |       |     1 ||     1
       Dragon Form       |       |       |       |       |     1 ||     1
Invok: Shadow Step       |       |       |     1 |    14 |     5 ||    20
  Use: Potion            |     5 |       |       |       |     6 ||    11
       Scroll            |     5 |       |       |       |     1 ||     6
 Stab: Sleeping          |     4 |     5 |    35 |    60 |    17 ||   121
       Confused          |     1 |       |     3 |     4 |     4 ||    12
       Held in net/web   |       |       |     1 |       |       ||     1
       Invisible         |       |       |       |     3 |     3 ||     6
  Eat: Royal jelly       |       |       |     1 |       |       ||     1
       Bread ration      |       |       |       |       |     1 ||     1
